 Dungeon Crawl Stone Soup version 0.23.1 (webtiles) character file.

Game seed: 0

282 Kisielow the Cudgeler (level 6, 0/47 HPs)
             Began as a Demonspawn Abyssal Knight on Mar 13, 2019.
             Was a Priest of Lugonu.
             Slain by a centaur zombie (2 damage)
             ... in an ossuary.
             The game lasted 00:12:13 (3726 turns).

Kisielow the Cudgeler (Demonspawn Abyssal Knight)   Turns: 3726, Time: 00:12:14

Health: 0/47       AC: 11    Str: 15    XL:     6   Next: 6%
Magic:  6/7        EV:  6    Int: 13    God:    Lugonu [***...]
Gold:   213        SH:  0    Dex: 14    Spells: 5/5 levels left

rFire    . . .     SeeInvis .   a - +1 mace
rCold    . . .     Gourm    .   (no shield)
rNeg     . . .     Faith    .   b - +0 chain mail
rPois    .         Spirit   .   (no helmet)
rElec    .         Reflect  .   j - +0 cloak
rCorr    +         Harm     .   f - +0 pair of gloves
MR       .....                  (no boots)
Stlth    ..........             (no amulet)
HPRegen  0.15/turn              d - ring of stealth
MPRegen  0.10/turn              p - ring of resist corrosion

@: marked
A: thin skeletal structure 1
a: Depart the Abyss, Bend Space, Banish, Renounce Religion


You were in an ossuary.
You worshipped Lugonu.
Lugonu was most pleased with you.
You were not hungry.

You visited 1 branch of the dungeon, and saw 4 of its levels.
You visited the Abyss 1 time.
You also visited: Ossuary.

You collected 213 gold pieces.

Inventory:

Hand Weapons
 a - a +1 mace (weapon)
Missiles
 o - 98 stones
 s - 7 tomahawks
 t - 8 javelins (quivered)
Armour
 b - a +0 chain mail (worn)
 f - a +0 pair of gloves (worn)
 j - a +0 cloak (worn)
Jewellery
 d - a ring of stealth (left hand)
 k - a +2 ring of protection
 p - a ring of resist corrosion (right hand)
Scrolls
 g - a scroll of amnesia
Potions
 h - a potion of brilliance
 i - a potion of magic
Comestibles
 c - 6 rations


   Skills:
 + Level 3.4 Fighting
 * Level 5.3 Maces & Flails
 + Level 2.3 Armour
 - Level 0.8 Dodging
 - Level 2.5 Invocations


You had 5 spell levels left.
You didn't know any spells.
Your spell library contained the following spells:

 Spells                   Type           Power        Failure   Level  Hunger
 Animate Skeleton         Necr           N/A          100%        1    ##.....
 Apportation              Tloc           #.....       100%        1    ##.....
 Confusing Touch          Hex            #.....       100%        1    ##.....
 Summon Small Mammal      Summ           #...         100%        1    ##.....


Dungeon Overview and Level Annotations

Branches:
Dungeon (4/15)
 Temple: D:4-7

Altars:
Cheibriados
Makhleb
Okawaru
Trog


Innate Abilities, Weirdness & Mutations

You have a somewhat thin skeletal structure. (Dex +2, Stealth)


Message History

The mummy hits you!
* * * LOW HITPOINT WARNING * * *
Space bends around you!
You blink.
The orc zombie hits you but does no damage.
The rat zombie sets off the alarm!
The alarm trap emits a blaring wail!
The mark upon you grows brighter.
Okay, then.
Okay, then.
Press: ? - help, Shift-Dir - straight line, f - mummy
Aim: a mummy (chance to defeat MR: 81%)
You fail to use your ability.
The adder zombie bites you but does no damage.
The mummy hits you but does no damage.
Okay, then.
Okay, then.
You aren't carrying any items that you can evoke.
The centaur zombie hits you but does no damage.
The centaur zombie hits you.
You die...

#...######.^######...#
#...# #.^# #...# #...#
#..# .#...#
#...#Z####..####.#...#
#...#Z....ZZZ....#...#
#...#Z####.MZ....#...#
#...# #ZZZ....#...#
#...# #.ZMZ...#...#
#...# #.@.....#...#
#...#........+####...#
#...#.####...# #...#
#...# #...# #...#
#...##############...#
#....................#
#.........∩∩.........#
######################


You could see 2 mummies, 2 adder zombies, a rat zombie, a jackal zombie, a
hobgoblin zombie, a kobold zombie, 2 orc zombies and a centaur zombie.

Vanquished Creatures
  A crimson imp (D:2)
  3 orc priests (D:3)
  3 gnolls (D:3)
  3 adders
  2 oozes (D:3)
  A worm (D:3)
  A dart slug (D:2)
  3 leopard geckos
  7 orcs (D:3)
  2 giant cockroaches (D:1)
  6 goblins
  6 hobgoblins
  4 jackals
  4 kobolds
  3 quokkas
  2 ball pythons
  8 bats
  5 frilled lizards
  6 hobgoblin zombies (Ossuary)
  8 kobold zombies (Ossuary)
  8 orc zombies (Ossuary)
  7 rats
93 creatures vanquished.

Notes
Turn   | Place    | Note
-------+----------+-------------------------------------------
     0 | Abyss:1  | Kisielow the Demonspawn Abyssal Knight began the quest for
                  | the Orb.
     0 | Abyss:1  | Reached XP level 1. HP: 18/18 MP: 2/2
    54 | D:1      | Escaped the Abyss
   217 | D:1      | Reached skill level 2 in Maces & Flails
   283 | D:1      | Gained mutation: You have a somewhat thin skeletal
                  | structure. (Dex +2, Stealth) [demonic ancestry]
   283 | D:1      | Reached XP level 2. HP: 23/24 MP: 3/3
  1282 | D:2      | Found a bloodstained altar of Trog.
  1299 | D:2      | Reached skill level 3 in Maces & Flails
  1311 | D:2      | Found an iron altar of Okawaru.
  1514 | D:2      | Reached ** piety under Lugonu
  1514 | D:2      | Reached XP level 3. HP: 29/29 MP: 4/4
  1725 | D:2      | Found a burning altar of Makhleb.
  1736 | D:2      | Reached XP level 4. HP: 29/35 MP: 5/5
  1997 | D:2      | Found a snail-covered altar of Cheibriados.
  2011 | D:2      | Reached skill level 4 in Maces & Flails
  2508 | D:3      | Reached XP level 5. HP: 27/41 MP: 6/6
  2686 | D:3      | Reached skill level 5 in Maces & Flails
  2752 | D:3      | HP: 3/61 [orc priest (2)]
  3133 | D:3      | Reached *** piety under Lugonu
  3440 | D:4      | Reached XP level 6. HP: 26/47 MP: 7/7
  3473 | D:4      | Found a sand-covered staircase.
  3503 | Ossuary  | Entered an ossuary
  3726 | Ossuary  | Slain by a centaur zombie

Skill      XL: |  1  2  3  4  5 |
---------------+----------------+-----
Maces & Flails | 2 3 4 5 |  5.3
Armour         | 2 |  2.3
Fighting       | |  3.4
Dodging        | |  0.8
Invocations    | |  2.5

Action                   |  1- 3 |  4- 6 || total
-------------------------+-------+-------++-------
Melee: Mace              |   103 |   192 ||   295
Throw: Stone             |    10 |    31 ||    41
       Javelin           |       |    25 ||    25
       Tomahawk          |       |     9 ||     9
Invok: Bend Space        |       |     3 ||     3
  Use: Potion            |       |     7 ||     7
       Scroll            |       |     3 ||     3
 Stab: Sleeping          |     8 |       ||     8
  Eat: Chunk             |     3 |     6 ||     9
Armor: Leather armour    |    49 |       ||    49
       Chain mail        |    22 |   140 ||   162
       Skin              |       |    45 ||    45
Dodge: Dodged            |    94 |    92 ||   186
